AoeStats
← Reis

African Clearing

505830135Analyzed
4v4 RM · 22d ago on Sep 11, 2026· 46m 58s· 8 players
Game mode
Random Map
Map size
Large (8 player)
Population
200
Speed
Normal
Resources
Standard
Victory
Conquest
Starting age
Dark Age
Ending age
Imperial Age
RankedLock teamsTeams togetherTeam positionsShared explorationLock speedFull tech treeHidden civsTurbo modeCheats
Victory
Defeat
🇺🇸 Huns · United States
1506
+13
🇨🇳 Chinese · China
1472
+14
🇧🇷 Vikings · Brazil
1435
+16
🇨🇭 Bulgarians · Switzerland
1406
+18
🇹🇼 Persians · Taiwan
1469
-17
🇭🇰 Koreans · Hong Kong SAR China
1439
-15
🇨🇳 Franks · China
1426
-15
🇨🇳 Huns · China
1396
-14
297539664
9:25 Loom
14:00 Feudal Age
19:27 Castle Age
18:07 Double-Bit Axe
20:11 Scale Barding Armor
21:12 Chain Barding Armor
21:03 Forging
22:55 Wheelbarrow
23:45 Iron Casting
24:39 Husbandry
28:12 Bow Saw
28:22 Light Cavalry
32:39 Scale Mail Armor
34:53 Hand Cart
36:26 #83
39:15 Imperial Age
38:00 Chain Mail Armor
37:49 Pikeman
38:29 Squires
38:15 Arson
39:19 Elite Throwing Axeman
40:19 Conscription
39:21 Halberdier
41:42 Plate Mail Armor
42:12 Blast Furnace
41:59 Cavalier
43:19 Gold Mining
43:03 Paladin
45:54 Plate Barding Armor
藥膏
11:19 Loom
13:43 Feudal Age
18:13 Castle Age
16:03 Double-Bit Axe
16:01 Horse Collar
18:36 Wheelbarrow
31:47 Bloodlines
33:44 Bow Saw
33:37 Heavy Plow
秋意
5:37 Loom
12:43 Feudal Age
14:10 Double-Bit Axe
18:03 Castle Age
16:17 Fletching
20:46 Bodkin Arrow
23:35 Padded Archer Armor
25:30 Leather Archer Armor
26:08 Gold Mining
27:26 Ballistics
27:01 Horse Collar
30:19 Husbandry
32:09 Thumb Ring
35:55 Gold Shaft Mining
39:29 Bloodlines
-GNG-OverHabit
13:47 Feudal Age
14:03 Loom
15:05 Double-Bit Axe
17:34 Castle Age
19:13 Bow Saw
30:08 Horse Collar
32:03 Wheelbarrow
34:07 Heavy Plow
36:46 Ballistics
38:46 Fletching
39:23 Bodkin Arrow
39:58 Masonry
Fluffy Chirp
13:07 Feudal Age
13:43 Double-Bit Axe
13:41 Horse Collar
14:34 Loom
19:33 Castle Age
19:10 Fletching
23:03 Bodkin Arrow
25:30 Husbandry
26:20 Padded Archer Armor
27:00 Ballistics
27:49 Thumb Ring
33:47 Bow Saw
33:37 Heavy Plow
34:19 Wheelbarrow
39:52 Imperial Age
38:03 Bloodlines
38:10 Leather Archer Armor
38:36 Hand Cart
38:24 Gold Mining
38:25 Stone Mining
39:56 Cavalier
40:06 Heavy Cavalry Archer
40:56 Bracer
42:30 Chemistry
42:05 Town Watch
43:09 Parthian Tactics
UsK_Apocalipce
11:15 Loom
13:32 Feudal Age
17:28 Castle Age
17:12 Double-Bit Axe
18:59 Bow Saw
20:46 Horse Collar
23:18 Coinage
24:42 Scale Mail Armor
24:06 Pikeman
25:56 Chain Mail Armor
28:25 Forging
29:40 Gold Mining
31:23 Squires
36:57 Chieftains
38:51 Iron Casting
43:17 Imperial Age
41:19 Fletching
41:07 Crossbowman
42:17 Ballistics
43:36 Bodkin Arrow
43:42 Padded Archer Armor
44:02 Bracer
45:04 Chemistry
43:38 Arbalester
44:38 Treadmill Crane
45:55 Leather Archer Armor
46:14 Capped Ram
47:43 Ring Archer Armor
Reis
5:23 Loom
8:25 Loom
12:36 Feudal Age
18:36 Castle Age
17:51 Scale Barding Armor
17:51 Double-Bit Axe
22:09 Fletching
24:05 Bodkin Arrow
44:08 Wheelbarrow
43:56 Chain Barding Armor
43:53 Bow Saw
word.exe
3:16 Loom
13:23 Feudal Age
18:52 Castle Age
17:16 Double-Bit Axe
19:46 Bow Saw
23:29 Fletching
26:26 Bodkin Arrow
29:58 Wheelbarrow
35:56 Imperial Age
34:01 Gold Mining
34:02 Stone Mining
36:00 Padded Archer Armor
37:11 Leather Archer Armor
37:28 Hand Cart
38:00 Conscription
37:52 Bracer
39:05 Ring Archer Armor
40:26 Chemistry
39:58 Horse Collar
41:14 Scale Mail Armor
42:19 Ballistics
42:37 Gold Shaft Mining
42:25 Chain Mail Armor
42:06 Town Watch
44:30 Two-Man Saw
44:13 Elite Chu Ko Nu
47:05 Stone Shaft Mining
46:41 Great Wall
46:55 Fortified Wall
Connection lost

Rejoining the realm…

Still unreachable

The connection could not be restored.

Session expired

The server has moved on; the page needs a fresh start.